 Dungeon Crawl Stone Soup version 0.25-a0-479-g8579842fd4 (webtiles) character file.

Game seed: 13387503718940031087, levelgen mode: classic

205 EnegeticOcto the Poker (level 5, -11/32 HPs)
             Began as a Tengu Gladiator on Feb 9, 2020.
             Was an Initiate of Gozag.
             Engulfed by a cloud of flame (18 damage)
             ... on level 4 of the Dungeon.
             The game lasted 00:06:42 (3452 turns).

EnegeticOcto the Poker (Tengu Gladiator)            Turns: 3452, Time: 00:06:43

Health: -11/32     AC: 11    Str: 15    XL:     5   Next: 83%
Magic:  6/6        EV:  3    Int:  9    God:    Gozag
Gold:   122        SH:  8    Dex: 15    Spells: 4/4 levels left

rFire    . . .     SeeInvis .   a - +0 trident
rCold    + . .     Gourm    .   g - +0 shield
rNeg     . . .     Faith    .   p - +0 plate armour
rPois    .         Spirit   .   c - +1 hat
rElec    .         Reflect  .   (no cloak)
rCorr    .         Harm     .   (no gloves)
MR       .....                  (boots unavailable)
Stlth    ..........             (no amulet)
HPRegen  0.10/turn              s - ring of protection from cold
MPRegen  0.10/turn              (no ring)

@: flying quickly and evasively, quick
A: beak, talons 3, able to fly
a: Stop Flying, Potion Petition, Call Merchant, Bribe Branch, Renounce Religion


You were on level 4 of the Dungeon.
You worshipped Gozag.
Gozag was aware of your devotion.
You were not hungry.

You visited 2 branches of the dungeon, and saw 5 of its levels.

You collected 197 gold pieces.
You paid 75 gold pieces to Gozag.

Inventory:

Hand Weapons
 a - a +0 trident (weapon)
Missiles
 d - 3 throwing nets (quivered) {!f}
 o - 2 boomerangs
Armour
 b - a +0 leather armour
 c - a +1 hat (worn)
 g - a +0 shield (worn)
 p - a +0 plate armour (worn)
Jewellery
 s - a ring of protection from cold (left hand)
Scrolls
 h - 3 scrolls of fear {!r}
 j - a scroll of enchant armour
 k - a scroll of remove curse {@r2}
 l - a scroll of fog {unknown}
 m - 2 scrolls of immolation
 n - a scroll of amnesia
 t - a scroll of random uselessness {unknown}
 v - a scroll of noise {unknown}
 w - a scroll of teleportation {@r3 !r}
Potions
 f - a potion of berserk rage {unknown}
 i - a potion of flight
 q - a potion of cancellation {unknown}
 r - 3 potions of heal wounds {@q2 !q}
 x - 2 potions of might {@q3 !q}
Comestibles
 e - 6 rations


   Skills:
 + Level 3.3 Fighting
 * Level 5.4 Polearms
 - Level 2.0 Throwing
 - Level 3.2 Dodging
 + Level 2.4 Shields


You had 4 spell levels left.
You didn't know any spells.
Your spell library was empty.

Dungeon Overview and Level Annotations

Branches:
Dungeon (4/15)             Temple (1/1) D:4

Altars:
Ashenzari
Cheibriados
Elyvilon
Fedhas
Gozag
Hepliaklqana
Makhleb
Nemelex Xobeh
Okawaru
Ru
Sif Muna
Vehumet
Wu Jian
Yredelemnul
Zin
The Shining One


Innate Abilities, Weirdness & Mutations

You have a beak for a mouth.
You have claws for feet.
You can fly continuously.


Message History

You claw the iguana, but do no damage. You block the iguana's attack.
The shadow imp hits you. The iguana bites you!
The shadow imp barely misses you.
You hit the iguana. You claw the iguana, but do no damage. You peck the iguana.
The iguana is moderately wounded.
The iguana bites you. The shadow imp hits you.
You are too injured to fight recklessly!
You are too injured to fight recklessly!
You are too injured to fight recklessly!
You are too injured to fight recklessly!
You are too injured to fight recklessly!
Really read
w - 2 scrolls of teleportation {@r3 !r}?
As you read the scroll of teleportation {@r3 !r}, it crumbles to dust.
You feel strangely unstable.
The iguana bites you but does no damage.
Press: ? - help, . - travel, g - get item You can't see that place. [Stash: a manual of Axes] [the floor.]
Your surroundings suddenly seem different.
A worker ant comes into view.
The worker ant bites you but does no damage.
You closely miss the worker ant. You block the worker ant's attack.
The worker ant bites you.
Your shield and plate armour prevent you from hitting the worker ant.
Your kick misses the worker ant. The worker ant bites you.
You are poisoned.
The worker ant poisons you!
You hit the worker ant. Your kick misses the worker ant.
The worker ant is heavily wounded.
You feel sick. The worker ant bites you.
* * * LOW HITPOINT WARNING * * *
You puncture the worker ant! You peck the worker ant.
You kill the worker ant!
You feel sick.
You feel sick.
You feel sick.
You feel sick.
You feel sick.
You feel sick.
You are no longer poisoned.
An ogre comes into view. It is wielding a +0 giant club.
You see here a worker ant corpse.
The ogre shouts!
Found 9 gold pieces.
You see here 9 gold pieces.
Found a staircase to the Ecumenical Temple.
There is a staircase to the Ecumenical Temple here.
You fly downwards.
Welcome to the Ecumenical Temple!
Found four altars.
There is a staircase back to the Dungeon here.
Some of the chunks of flesh in your inventory have rotted away.
All of the chunks of flesh in your inventory have rotted away.
You are feeling hungry.
HP restored.
Found a basalt altar of Yredelemnul.
Found a shimmering blue altar of Sif Muna.
Found an iron altar of Okawaru.
There is a fountain of clear blue water here.
Found a glowing golden altar of the Shining One.
Found a sparkling altar of Nemelex Xobeh.
Found a shattered altar of Ashenzari.
There is a shattered altar of Ashenzari here.
There is a fountain of clear blue water here.
Found a hazy altar of Hepliaklqana.
Found a white marble altar of Elyvilon.
Found an opulent altar of Gozag.
Found an ornate altar of the Wu Jian Council.
There is a fountain of clear blue water here.
There is an ornate altar of the Wu Jian Council here.
Found a glowing silver altar of Zin.
Found a sacrificial altar of Ru.
There is a glowing silver altar of Zin here.
Unknown command.
Unknown command.
Unknown command.
Unknown command.
Okay, then.
You are feeling very hungry.
You eat one of the 7 rations.
That ration really hit the spot!
(D) Dungeon (T) Temple
Where to? (Enter - Temple @ (x,y), ? - help)
There is an opulent altar of Gozag here.
You hover solemnly before the altar of Gozag.
Gozag welcomes you!
You pay a service fee of 75 gold.
Gozag offers you a free set of potion effects!
There is a blossoming altar of Fedhas here.
There is a staircase back to the Dungeon here.
You fly upwards.
Welcome back to the Dungeon!
The ogre hits you with a +0 giant club!!
Ouch! That really hurt!
There is a staircase to the Ecumenical Temple, spattered with blood here.
Really fly into a travel-excluded area?
You are engulfed in blazing flames.
* * * LOW HITPOINT WARNING * * *
You are engulfed in blazing flames.
Ouch! That really hurt!
You die...
Your body crumbles into a pile of gold.

################
..°....>.......#
°.°............#
............○°°#
...°°.....O○@..#
#
..°............#
##
.............○.#
.
°..........○.○.#
#
°..........○...#
#
...............#
#
...........°...#
#
...........°...#
#
..°°........°..


You could see an ogre.

Vanquished Creatures
  A centaur skeleton (D:4)
  An orc wizard (D:3)
  A worker ant (D:4)
  4 adders
  2 worms (D:3)
  A dart slug (D:1)
  A leopard gecko (D:4)
  3 orcs
  12 ball pythons
  2 giant cockroaches
  6 goblins
  8 hobgoblins
  7 jackals (D:2)
  2 quokkas
  5 bats
  6 frilled lizards
  8 kobolds
  3 rats
73 creatures vanquished.

Notes
Turn   | Place    | Note
-------+----------+-------------------------------------------
     0 | D:1      | EnegeticOcto the Tengu Gladiator began the quest for the
                  | Orb.
     0 | D:1      | Reached XP level 1. HP: 12/12 MP: 2/2
   301 | D:1      | Reached XP level 2. HP: 17/17 MP: 3/3
   738 | D:2      | Reached skill level 1 in Shields
   772 | D:2      | Reached skill level 4 in Polearms
   772 | D:2      | Reached XP level 3. HP: 22/22 MP: 4/4
  1356 | D:2      | Reached XP level 4. HP: 15/27 MP: 5/5
  2511 | D:3      | Reached skill level 5 in Polearms
  2511 | D:3      | Gained mutation: You can fly continuously. [Tengu growth]
  2511 | D:3      | Reached XP level 5. HP: 21/32 MP: 6/6
  3079 | D:4      | Noticed an ogre
  3096 | D:4      | Found a staircase to the Ecumenical Temple.
  3105 | Temple   | Entered the Ecumenical Temple
  3430 | Temple   | Became a worshipper of Gozag Ym Sagoz the Greedy
  3452 | D:4      | Engulfed by a cloud of flame

Levels and vault maps discovered:
D:1:      minmay_arrival_four_houses, layout_basic
D:2:      layout_basic, minmay_snake_closets
D:3:      layout_basic, first_ration
D:4:      layout_basic, lemuel_temple_firewalk_a, ebering_ghost_sewer_f,
          minmay_manual_monstrance
Temple:   eino_temple_rhombus

Skill      XL: |  1  2  3  4 |
---------------+-------------+-----
Shields        | 1 2 |  2.4
Polearms       | 4 5 |  5.4
Fighting       | 3 |  3.3
Throwing       | |  2.0
Dodging        | |  3.2

Action                   |  1- 3 |  4- 6 || total
-------------------------+-------+-------++-------
Melee: Trident           |    99 |   106 ||   205
       Kick              |    21 |    28 ||    49
       Peck              |    12 |    10 ||    22
 Abil: Fly               |       |     1 ||     1
  Use: Scroll            |     4 |     5 ||     9
       Potion            |       |     2 ||     2
 Stab: Sleeping          |     1 |       ||     1
  Eat: Chunk             |     1 |     6 ||     7
       Ration            |       |     1 ||     1
Armor: Leather armour    |     2 |       ||     2
       Plate armour      |    61 |    34 ||    95
Dodge: Dodged            |    31 |     6 ||    37
Block: Shield            |       |    31 ||    31

Table legend:
 A = Non-vault XP
 B = Vault XP
 C = Vault XP percentage of total XP
 D = Non-vault monster count
 E = Vault monster count
 F = Vault count percentage of total count
                 A         B        C        D         E       F
            +---------+---------+-------+---------+---------+-------
      Total |     256 |      37 |  12.6 |      63 |      10 |  13.7
            +---------+---------+-------+---------+---------+-------
        D:1 |      26 |       0 |   0.0 |      14 |       0 |   0.0
        D:2 |      59 |      37 |  38.5 |      26 |      10 |  27.8
        D:3 |      92 |       0 |   0.0 |      19 |       0 |   0.0
        D:4 |      79 |       0 |   0.0 |       4 |       0 |   0.0
            +---------+---------+-------+---------+---------+-------
